 Dungeon Crawl Stone Soup version 0.28.0-53-g5a82cb258f (webtiles) character file.

Game seed: 4837113652873386943

4307 Peloso the Carver (level 10, -3/86 HPs)
             Began as a Minotaur Fighter on June 21, 2022.
             Was an Elder of Okawaru.
             Slain by a gnoll sergeant
             ... wielding a +1 trident of venom
              (6 damage)
             ... on level 7 of the Dungeon.
             The game lasted 00:17:05 (9770 turns).

Peloso the Carver (Minotaur Fighter)                Turns: 9770, Time: 00:17:06

Health: -3/86      AC: 12    Str: 24    XL:     10   Next: 11%
Magic:  9/9        EV:  9    Int:  5    God:    Okawaru [****..]
Gold:   226        SH:  5    Dex: 11    Spells: 9/9 levels left

rFire   . . .      SeeInvis .   a - +0 long sword
rCold   . . .      Faith    .   c - +0 buckler
rNeg    . . .      Spirit   .   t - +0 chain mail
rPois   .          Reflect  .   (helmet restricted)
rElec   .          Harm     .   (no cloak)
rCorr   .          Rampage  .   q - +0 pair of gloves
Will    ++...                   (no boots)
Stlth   ..........              (no amulet)
HPRegen 0.24/turn               l - ring of willpower
MPRegen 0.11/turn               m - ring of willpower

@: lethally poisoned (-3 -> -4)
A: horns 2, retaliatory headbutt
a: Renounce Religion, Heroism, Finesse


You were on level 7 of the Dungeon.
You worshipped Okawaru.
Okawaru was greatly pleased with you.
You visited 2 branches of the dungeon, and saw 9 of its levels.
You also visited: Ossuary.

You collected 226 gold pieces.

Inventory:

Hand Weapons
 a - a +0 long sword (weapon)
Armour
 b - a +0 scale mail
 c - a +0 buckler (worn)
 q - a +0 pair of gloves (worn)
 t - a +0 chain mail (worn)
Jewellery
 l - a ring of willpower (left hand)
 m - a ring of willpower (right hand)
 n - an amulet of magic regeneration
 u - a ring of magical power
 y - a +6 ring of dexterity
 z - a ring of positive energy
Scrolls
 e - 2 scrolls of teleportation
 g - a scroll of holy word
 h - a scroll of noise
 k - a scroll of immolation
 p - a scroll of identify
 r - a scroll of acquirement
 w - a scroll of amnesia
Potions
 d - 3 potions of might
 f - a potion of flight
 i - a potion of invisibility
 j - a potion of mutation
 o - a potion of cancellation
 v - a potion of brilliance


   Skills:
 + Level 7.2 Fighting
 + Level 11.8 Long Blades
 + Level 9.3 Armour
 + Level 4.1 Dodging
 + Level 1.2 Stealth
 + Level 6.9 Shields
 + Level 0.1 Invocations


You had 9 spell levels left.
You didn't know any spells.
Your spell library contained the following spells:

 Spells                   Type           Power      Damage    Failure   Level
 Scorch                   Fire           0%         2d5       99%         2
 Conjure Flame            Conj/Fire      0%         6-21      100%        3
 Ignite Poison            Fire/Tmut/Pois 0%         N/A       100%        3
 Inner Flame              Hex/Fire       0%         N/A       100%        3
 Flame Wave               Conj/Fire      0%         2d4       100%        4
 Sticky Flame             Conj/Fire      0%         2d3       100%        4
 Summon Ice Beast         Ice/Summ       Unusable   N/A       N/A         4
 Summon Cactus Giant      Summ           Unusable   N/A       N/A         6
 Dragon's Call            Summ           Unusable   N/A       N/A         9

Dungeon Overview and Level Annotations

Branches:
Dungeon (8/15)             Temple (1/1) D:5         Ossuary (visited)
   Lair: D:8-11

Altars:
Ashenzari
Cheibriados
Dithmenos
Fedhas
Gozag
Hepliaklqana
Kikubaaqudgha
Makhleb
Okawaru
Qazlal
Ru
Sif Muna
Uskayaw
Vehumet
Wu Jian
Xom
Yredelemnul
Zin
The Shining One

Annotations:
D:5 3 runed translucent doors, Morge's ghost, amateur DsVM


Innate Abilities, Weirdness & Mutations

You have a pair of horns on your head.
You reflexively headbutt those who attack you in melee.


Message History

Okawaru accepts your kill.
You feel very sick. You block the gnoll sergeant's attack.
You feel very sick.
The gnoll sergeant hits you with a +1 trident of venom.
You are more poisoned.
Things that are here:
a +0 spear; a gnoll corpse You closely miss the gnoll sergeant.
Your headbutt misses the gnoll sergeant.
You feel very sick.
The gnoll sergeant hits you with a +1 trident of venom.
You are more poisoned.
You hit the gnoll sergeant but do no damage.
You feel very sick.
The gnoll sergeant hits you but does no damage.
You are more poisoned.
You feel extremely sick. You block the gnoll sergeant's attack.
* * * LOW HITPOINT WARNING * * *
You feel very sick.
* * * LOW HITPOINT WARNING * * *
You feel very sick.
* * * LOW HITPOINT WARNING * * *
You feel very sick.
* * * LOW HITPOINT WARNING * * *
You feel very sick.
* * * LOW HITPOINT WARNING * * *
You feel very sick.
* * * LOW HITPOINT WARNING * * *
You feel sick.
You feel sick.
You feel sick.
You feel sick.
You feel sick.
You feel sick.
There is a stone staircase leading up here.
You feel sick.
The gnoll sergeant hits you from afar with a +1 trident of venom.
You die...

....>.......
#.#.......#.
..........#.############
#.<#......#....ggg.....#
..#....)..#.#########g##
#......#..# #.#
####.#.#..###########.#
.....#.#............#.#
####.#.#.#######@.ggg.#
#.#.#.........##.###
#.#.#########.##.# #.#..
#.##.# #.### #....# #.#
###### #.#


You could see a gnoll sergeant and 2 gnolls.

Vanquished Creatures
  Prince Ribbit (D:6)
  Grinder (D:6)
  Grum (D:6)
  6 yaks
  An orc warrior (D:7)
  A sky beast (D:6)
  An ice beast (D:6)
  2 black bears (D:6)
  An ogre (D:5)
  2 necrophages
  2 centaurs
  A wolf (D:6)
  A phantom (D:5)
  2 elf zombies (Ossuary)
  2 gnoll sergeants (D:6)
  2 scorpions
  A water moccasin skeleton (D:6)
  3 wights (D:7)
  2 jellies (D:3)
  5 centaur zombies (Ossuary)
  A bullfrog zombie (D:6)
  7 hounds
  2 orc priests
  4 gnoll shamans
  A scorpion zombie (D:5)
  2 iguanas (D:5)
  2 orc wizards
  2 hound skeletons
  2 mummies (Ossuary)
  16 gnolls
  15 adders
  A howler monkey skeleton (D:5)
  A white imp (D:6)
  2 ufetubi
  2 worms (D:3)
  4 dart slugs
  33 orcs
  14 endoplasms
  2 giant cockroaches (D:2)
  6 goblins
  6 hobgoblins
  12 jackals
  A quokka (D:4)
  13 ball pythons
  7 bats
  3 frilled lizards
  2 goblin zombies (Ossuary)
  10 hobgoblin zombies (Ossuary)
  16 kobolds
  10 kobold zombies (Ossuary)
  7 orc zombies (Ossuary)
  7 rats
  A rat zombie (Ossuary)
252 creatures vanquished.

Vanquished Creatures (others)
  8 fungi (D:3)
  10 toadstools (D:3)
18 creatures vanquished.

Grand Total: 270 creatures vanquished

Notes
Turn   | Place    | Note
-------+----------+-------------------------------------------
     0 | D:1      | Peloso the Minotaur Fighter began the quest for the Orb.
     0 | D:1      | Reached XP level 1. HP: 19/19 MP: 0/0
   213 | D:1      | Reached XP level 2. HP: 27/27 MP: 1/1
   567 | D:1      | Reached skill level 3 in Long Blades
   841 | D:2      | Reached XP level 3. HP: 33/33 MP: 2/2
  1326 | D:2      | Reached XP level 4. HP: 36/40 MP: 3/3
  1395 | D:2      | Reached skill level 1 in Dodging
  1671 | D:2      | Reached skill level 4 in Long Blades
  2077 | D:2      | Reached XP level 5. HP: 44/46 MP: 4/4
  2673 | D:3      | Found a shimmering altar of Xom.
  2675 | D:3      | Found a glowing golden altar of the Shining One.
  2675 | D:3      | Found an ornate altar of the Wu Jian Council.
  2677 | D:3      | Found a shimmering altar of Xom.
  2677 | D:3      | Found a snail-covered altar of Cheibriados.
  2677 | D:3      | Found a blossoming altar of Fedhas.
  2889 | D:3      | Reached skill level 5 in Armour
  3283 | D:3      | Reached skill level 5 in Long Blades
  3283 | D:3      | Reached XP level 6. HP: 47/53 MP: 5/5
  3382 | D:3      | Found an iron altar of Okawaru.
  3390 | D:3      | Became a worshipper of Warmaster Okawaru
  3515 | D:3      | Got the Disquisition on Execration and Creation
  3679 | D:3      | Found a radiant altar of Vehumet.
  4479 | D:4      | Reached skill level 6 in Long Blades
  4686 | D:4      | Reached XP level 7. HP: 60/60 MP: 6/6
  4935 | D:4      | Found a hazy altar of Hepliaklqana.
  5031 | D:5      | Entered Level 5 of the Dungeon
  5071 | D:5      | Found a faded altar of an unknown god.
  5085 | D:5      | Reached * piety under Okawaru
  5149 | D:5      | Reached skill level 5 in Fighting
  5149 | D:5      | Reached skill level 5 in Shields
  5169 | D:5      | Found a sand-covered staircase.
  5185 | Ossuary  | Entered an ossuary
  5259 | Ossuary  | Reached skill level 7 in Long Blades
  5532 | Ossuary  | Reached XP level 8. HP: 66/68 MP: 7/7
  5579 | Ossuary  | Reached skill level 8 in Long Blades
  5843 | Ossuary  | Identified a scroll of acquirement
  6093 | D:5      | Found a staircase to the Ecumenical Temple.
  6101 | D:5      | Reached ** piety under Okawaru
  6108 | Temple   | Entered the Ecumenical Temple
  6547 | D:5      | Found a broken altar of Ashenzari.
  6798 | D:5      | Found a runed translucent gate.
  6798 | D:5      | Found a runed translucent gate.
  6798 | D:5      | Found a runed translucent gate.
  6800 | D:5      | Noticed Morge's ghost (amateur DsVM)
  6808 | D:5      | Found a stormy altar of Qazlal.
  7253 | D:6      | Reached skill level 9 in Long Blades
  7395 | D:6      | Noticed Grum
  7402 | D:6      | Killed Grum
  7519 | D:6      | Reached XP level 9. HP: 77/77 MP: 8/8
  7530 | D:6      | Reached skill level 1 in Stealth
  7627 | D:6      | Noticed Prince Ribbit
  7683 | D:6      | Killed Prince Ribbit
  7683 | D:6      | Reached *** piety under Okawaru
  7684 | D:6      | Reached skill level 10 in Long Blades
  8555 | D:6      | Noticed Grinder
  8588 | D:6      | Killed Grinder
  9279 | D:7      | Reached skill level 11 in Long Blades
  9293 | D:7      | You fall into a shaft and drop 1 floor!
  9681 | D:8      | Reached XP level 10. HP: 80/86 MP: 9/9
  9691 | D:8      | Reached **** piety under Okawaru
  9769 | D:7      | HP: 4/86 [poisoned by a gnoll sergeant]
  9770 | D:7      | Slain by a gnoll sergeant

Illustrated notes

Levels and vault maps discovered:
D:1:      lemuel_arrival_behind_the_door_large, layout_basic
D:2:      layout_basic, minmay_snake_closets
D:3:      cheibrodos_fertilizer, layout_basic, doesnt_xom_only_xom,
          kennysheep_okawaru_gauntlet, nicolae_vehumet_radiance,
          minmay_misc_feat_doors, hangedman_decor_push
D:4:      layout_cave_pools, worldfamousw_hep_ancestral_shrine, serial_glass,
          glass_columns_b, glass_columns_b, minmay_box_of_dots
D:5:      layout_cave_pools, nicolae_qazlal_general_emergency,
          nicolae_ashenzari_panopticon, temple_fountains, serial_column_ruins,
          column_ruins_temple_circle, column_ruins_hut_ruined,
          column_ruins_grid_3, column_ruins_open_tiny,
          column_ruins_corridor_straight, column_ruins_grid_1,
          column_ruins_columns_T, nicolae_ossuary_entry_false_entrances,
          gammafunk_ghost_nasty_kobolds
D:6:      layout_cave_pools, serial_gnoll_camp, grums_kennel,
          gnoll_camp_medium_02, gnoll_camp_mini_hut, gnoll_camp_mini_hut,
          gnoll_camp_mini_house, uniq_prince_ribbit1, uniq_grinder
D:7:      layout_basic
D:8:      layout_basic, nemelex_diamond_rough_becter, gammafunk_ghost_spectres,
          hangedman_abyss_or_decor_stagger
Temple:   nicolae_temple_figure_eight

Skill      XL: |  1  2  3  4  5  6  7  8  9 |
---------------+----------------------------+-----
Armour         | 4 5 6 7 9 |  9.3
Long Blades    | 3 4 5 6 7 9 11 | 11.8
Fighting       | 4 5 6 7 |  7.2
Shields        | 4 5 6 |  6.9
Dodging        | 1 2 3 4 |  4.1
Stealth        | 1 |  1.2
Invocations    | |  0.1

Action                   |  1- 3 |  4- 6 |  7- 9 | 10-12 || total
-------------------------+-------+-------+-------+-------++-------
Melee: Long sword        |   116 |   194 |   480 |    17 ||   807
       Headbutt          |    13 |    42 |   100 |     6 ||   161
Invok: Heroism           |       |       |     4 |       ||     4
  Use: Potion            |       |     5 |     4 |       ||     9
       Scroll            |       |     3 |    15 |       ||    18
Armor: Scale mail        |    72 |    63 |       |       ||   135
       Chain mail        |       |     8 |   253 |     5 ||   266
Dodge: Dodged            |    74 |    81 |   209 |     4 ||   368
Block: Buckler           |    37 |    47 |   132 |     5 ||   221
